Map: [ESL] Oceanborn

Players

eGGz

  • Race: Zerg Zerg
  • Spawn Location: 11:00

Nina - Winner!

  • Race: Protoss Protoss
  • Spawn Location: 5:00

Event: ESL SC2 Masters 2024 Spring (Regional)

VOD

Have the link to the VOD?

Description

Time

  • Played on: April 13, 2024, 4:06 p.m.
  • Length: 25:58

All games in this series

Show
View Real Time Build Order
Export as new Build Order

eGGz Zerg 

Build Orders: Hatch First, Lurkers, Swarm Host 

Get SALT Encoding   

  12  0:00  Drone  
  13  0:13  Overlord  
  13  0:17  Drone  
  14  0:31  Drone x2  
  16  0:37  Drone  
  17  0:53  Hatchery  
  17  0:55  Drone  
  17  0:59  Drone  
  18  1:09  Extractor  
  17  1:12  Spawning Pool  
  17  1:17  Drone  
  17  1:20  Drone  
  18  1:29  Drone  
  19  1:39  Drone  
  20  1:50  Overlord  
  20  1:59  Queen  
  22  2:06  Zergling x2, Queen  
  22  2:08  Drone  
  26  2:10  Metabolic Boost  
  26  2:12  Drone  
  27  2:17  Zergling x2  
  28  2:23  Drone  
  28  2:27  Drone  
  30  2:37  Hatchery  
  30  2:39  Drone  
  30  2:40  Drone  
  30  2:45  Overlord  
  30  2:50  Drone  
  31  2:56  Overlord  
  31  2:57  Queen  
  33  3:00  Drone  
  34  3:07  Drone  
  34  3:09  Zergling x2  
  34  3:11  Zergling x6  
  38  3:21  Drone  
  38  3:22  Drone  
  37  3:30  Drone  
  37  3:32  Drone  
  39  3:35  Queen  
  39  3:36  Spore Crawler  
  38  3:42  Drone x2  
  38  3:47  Drone x3  
  43  3:49  Queen  
  43  3:52  Drone  
  46  3:55  Drone  
  46  3:56  Drone  
  46  3:58  Queen  
  50  4:03  Drone  
  50  4:06  Drone  
  50  4:08  Spore Crawler  
  50  4:09  Spore Crawler  
  50  4:11  Drone x2  
  50  4:14  Drone  
  53  4:20  Drone x2  
  53  4:21  Drone x2  
  53  4:23  Drone  
  57  4:26  Overlord  
  57  4:34  Overlord  
  57  4:43  Roach Warren  
  57  4:44  Drone x6  
  57  4:45  Drone, Extractor  
  62  4:48  Drone x2  
  62  4:50  Drone  
  65  4:53  Drone  
  65  4:54  Drone x2  
  65  4:56  Drone  
  65  4:58  Drone  
  70  5:00  Zergling x4  
  70  5:02  Drone  
  70  5:06  Lair  
  73  5:10  Overlord  
  73  5:13  Overlord x2  
  73  5:15  Extractor  
  73  5:16  Extractor  
  73  5:20  Overlord  
  71  5:24  Overlord  
  71  5:25  Drone  
  71  5:26  Drone  
  73  5:29  Evolution Chamber  
  73  5:30  Roach x4  
  73  5:34  Roach x2  
  84  5:41  Drone x3  
  84  5:42  Drone x5  
  92  5:46  Drone  
  93  5:53  Drone x2  
  93  5:56  Drone  
  95  6:02  Overlord, Zerg Missile Weapons Level 1  
  95  6:04  Glial Reconstitution, Drone x3  
  96  6:10  Roach x2  
  96  6:11  Roach, Extractor x2  
  102  6:12  Overseer  
  102  6:16  Drone x3, Hatchery  
  103  6:25  Overlord  
  103  6:27  Roach x6  
  115  6:36  Infestation Pit  
  115  6:37  Overlord  
  115  6:39  Overlord x3  
  114  6:40  Overlord  
  114  6:43  Overlord  
  114  6:45  Roach  
  116  6:49  Overseer  
  116  6:51  Roach x2  
  116  6:52  Roach  
  122  6:57  Roach x4  
  122  6:58  Ravager x2  
  130  7:02  Roach x3  
  136  7:10  Roach x5  
  146  7:20  Overlord  
  146  7:21  Roach x2  
  146  7:22  Roach x3  
  156  7:27  Swarm Host x2  
  156  7:29  Zergling x2, Extractor  
  162  7:30  Zergling x2  
  162  7:36  Swarm Host x2  
  169  7:40  Zergling x14  
  173  7:47  Swarm Host  
  173  7:50  Swarm Host x2  
  182  7:55  Overlord  
  182  8:01  Hydralisk Den  
  182  8:04  Overlord  
  181  8:08  Zerg Missile Weapons Level 2  
  169  8:22  Roach x14  
  169  8:23  Roach  
  169  8:26  Drone x3  
  198  8:34  Ravager  
  198  8:37  Hive  
  189  8:53  Roach x6  
  193  9:00  Roach x6  
  197  9:07  Roach x2  
  189  9:12  Lurker Den, Grooved Spines  
  188  9:17  Roach  
  188  9:18  Roach  
  188  9:19  Overlord  
  188  9:20  Overlord  
  192  9:26  Hatchery  
  181  9:33  Hydralisk x2, Roach, Ravager  
  181  9:34  Roach x2  
  170  9:56  Hydralisk x4  
  170  9:57  Hydralisk x5, Roach  
  170  9:58  Hydralisk, Roach x4  
  200  10:10  Extractor  
  200  10:11  Seismic Spines  
  199  10:19  Pneumatized Carapace  
  169  10:46  Hydralisk x9  
  169  10:47  Roach x4, Hydralisk x2  
  169  10:48  Roach  
  165  11:00  Viper  
  165  11:02  Drone x8  
  176  11:04  Roach  
  176  11:05  Roach x4  
  176  11:08  Adaptive Talons  
  184  11:17  Viper  
  185  11:25  Drone x3  
  188  11:29  Overseer  
  183  11:33  Zerg Missile Weapons Level 3  
  183  11:36  Lurker x2  
  183  11:37  Zergling x30  
  200  11:41  Muscular Augments  
  168  12:03  Hydralisk x10  
  188  12:10  Extractor  
  188  12:11  Spine Crawler, Extractor  
  185  12:21  Hydralisk  
  185  12:22  Hydralisk x6, Roach  
  197  12:23  Roach  
  187  12:41  Lurker x3  
  187  12:47  Spine Crawler, Spore Crawler  
  185  12:52  Hydralisk x7  
  199  13:10  Spire  
  199  13:12  Evolution Chamber  
  170  13:31  Lurker x3  
  171  13:34  Drone x3  
  171  13:35  Drone  
  171  13:37  Zerg Melee Weapons Level 1  
  171  13:38  Zergling x8  
  171  13:39  Zergling x14  
  186  13:43  Viper x3  
  193  13:49  Overseer  
  193  13:54  Hatchery  
  185  14:10  Zerg Ground Armor Level 1  
  185  14:13  Ultralisk Cavern  
  185  14:15  Roach x8  
  191  14:25  Corruptor x5, Zerg Flyer Armor Level 1, Hatchery  
  191  14:26  Corruptor  
  191  14:28  Extractor  
  191  14:29  Extractor  
  197  14:51  Corruptor x6  
  183  15:00  Chitinous Plating  
  175  15:20  Ultralisk x3  
  191  15:22  Hatchery  
  190  15:32  Ultralisk  
  188  15:37  Overseer  
  186  15:48  Overseer  
  186  15:49  Spore Crawler  
  175  15:50  Spore Crawler  
  175  15:52  Spore Crawler  
  175  15:54  Hydralisk x3, Ultralisk x2  
  191  15:59  Drone x3  
  194  16:11  Overseer  
  194  16:19  Zerg Flyer Weapons Level 1  
  194  16:36  Overlord  
  194  16:38  Zerg Melee Weapons Level 2, Hatchery  
  193  16:42  Zerg Ground Armor Level 2  
  193  16:45  Lurker, Hatchery  
  193  16:46  Lurker x2  
  195  16:53  Corruptor, Overlord  
  197  17:07  Viper  
  196  17:08  Corruptor  
  194  17:28  Corruptor  
  194  17:29  Corruptor x3  
  200  17:33  Spire  
  199  18:00  Drone  
  199  18:02  Anabolic Synthesis  
  200  18:06  Spore Crawler, Extractor  
  200  18:07  Spore Crawler x2  
  200  18:08  Extractor  
  200  18:10  Spore Crawler  
  194  18:13  Zerg Flyer Armor Level 2  
  194  18:16  Corruptor x3  
  200  18:46  Ultralisk x2  
  194  18:53  Drone  
  194  18:54  Drone x2  
  190  18:58  Drone  
  190  18:59  Drone x9  
  190  19:02  Zerg Melee Weapons Level 3  
  200  19:06  Greater Spire  
  200  19:13  Spore Crawler  
  200  19:14  Spore Crawler  
  198  19:25  Extractor  
  198  19:26  Extractor  
  198  19:28  Spine Crawler, Spore Crawler x2  
  198  19:29  Spine Crawler  
  191  19:36  Drone  
  191  19:37  Drone x3  
  191  19:38  Drone x4  
  197  20:13  Spore Crawler  
  197  20:14  Spore Crawler, Extractor  
  185  20:16  Zerg Ground Armor Level 3  
  185  20:18  Zerg Flyer Weapons Level 2  
  185  20:20  Brood Lord x4  
  185  20:21  Brood Lord x4  
  197  20:46  Corruptor  
  199  21:23  Corruptor  
  199  21:24  Corruptor x9  
  178  21:33  Brood Lord x4  
  178  21:34  Corruptor x9  
  178  21:39  Corruptor x3  
  198  21:49  Baneling Nest  
  195  21:56  Brood Lord x2  
  199  22:06  Hydralisk x3  
  199  22:10  Spine Crawler, Spore Crawler  
  199  22:11  Spine Crawler  
  199  22:12  Spine Crawler  
  189  22:32  Brood Lord x2  
  189  22:34  Drone  
  189  22:35  Drone x5  
  189  22:37  Extractor  
  198  22:43  Spore Crawler  
  197  22:46  Spore Crawler  
  197  22:50  Zergling x10  
  190  23:03  Zergling x2  
  190  23:04  Zergling x22  
  157  23:20  Corruptor x7  
  157  23:21  Zergling x30  
  157  23:22  Zergling x10  
  188  23:28  Drone x3  
  188  23:29  Drone x3  
  177  23:57  Corruptor x3  
  177  23:58  Zergling x24  
  185  24:16  Zergling x24  
  178  24:31  Corruptor  
  178  24:32  Corruptor x3  
  182  25:28  Hydralisk x5  
  182  25:29  Hydralisk x4  
  182  25:35  Hatchery  
Show
View Real Time Build Order
Export as new Build Order

Nina Protoss - Winner!

Build Orders: 1 Gate Expand, Oracle Opening, Carriers 

Get SALT Encoding   

  12  0:00  Probe  
  13  0:12  Probe  
  14  0:17  Pylon  
  14  0:24  Probe  
  15  0:35  Gateway  
  15  0:38  Probe (Chrono Boost)  
  16  0:48  Probe (Chrono Boost)  
  17  0:51  Assimilator  
  17  0:53  Probe (Chrono Boost)  
  18  1:04  Probe  
  19  1:16  Probe  
  20  1:26  Nexus  
  20  1:33  Cybernetics Core  
  20  1:36  Probe  
  21  1:45  Assimilator  
  21  1:48  Probe  
  21  1:51  Pylon  
  22  2:00  Probe  
  23  2:07  Adept (Chrono Boost)  
  23  2:13  Probe  
  26  2:25  Stargate, Probe  
  26  2:27  Adept (Chrono Boost)  
  29  2:38  Warp Gate, Probe (Chrono Boost)  
  29  2:42  Probe (Chrono Boost)  
  31  2:47  Probe (Chrono Boost)  
  31  2:51  Probe (Chrono Boost)  
  33  2:52  Probe (Chrono Boost), Adept  
  36  3:01  Probe, Gateway  
  36  3:04  Probe  
  38  3:07  Oracle (Chrono Boost)  
  41  3:13  Probe  
  41  3:16  Probe  
  43  3:25  Probe  
  44  3:28  Probe  
  44  3:31  Pylon  
  45  3:37  Probe  
  45  3:40  Probe  
  45  3:43  Nexus  
  45  3:47  Pylon  
  45  3:49  Probe  
  45  3:53  Probe  
  47  3:56  Oracle (Chrono Boost)  
  47  3:57  Twilight Council  
  47  4:02  Probe  
  51  4:06  Assimilator  
  51  4:08  Assimilator, Probe  
  52  4:12  Shield Battery  
  52  4:14  Probe  
  53  4:20  Probe  
  53  4:23  Gateway  
  54  4:26  Probe  
  54  4:29  Stalker x2  
  59  4:32  Probe  
  59  4:36  Pylon  
  60  4:38  Probe  
  60  4:41  Blink (Chrono Boost)  
  60  4:45  Probe  
  62  4:49  Gateway  
  62  4:56  Stalker  
  62  4:57  Probe (Chrono Boost)  
  62  4:58  Probe (Chrono Boost)  
  67  5:02  Probe (Chrono Boost)  
  67  5:03  Stalker  
  71  5:07  Probe (Chrono Boost)  
  71  5:09  Probe (Chrono Boost)  
  71  5:11  Probe (Chrono Boost)  
  71  5:12  Probe (Chrono Boost)  
  73  5:15  Robotics Facility  
  73  5:18  Probe  
  73  5:19  Stalker  
  73  5:21  Probe  
  77  5:23  Probe  
  77  5:25  Assimilator  
  78  5:30  Probe  
  78  5:33  Probe  
  80  5:35  Probe  
  80  5:36  Pylon  
  80  5:37  Pylon  
  80  5:39  Forge  
  78  5:44  Probe  
  78  5:45  Probe  
  78  5:48  Sentry  
  78  5:49  Sentry  
  84  5:52  Probe  
  84  5:54  Nexus  
  84  5:56  Probe  
  82  5:58  Probe  
  82  6:01  Pylon, Observer (Chrono Boost), Gateway  
  82  6:03  Gateway  
  83  6:04  Probe  
  83  6:06  Sentry x2  
  83  6:08  Probe  
  83  6:09  Assimilator  
  83  6:10  Protoss Ground Weapons Level 1 (Chrono Boost)  
  83  6:11  Probe  
  91  6:12  Pylon  
  91  6:16  Robotics Bay  
  91  6:19  Probe  
  91  6:25  Immortal  
  96  6:29  Probe  
  96  6:32  Stalker x2  
  101  6:34  Probe  
  101  6:37  Templar Archives, Probe  
  103  6:40  Zealot  
  103  6:44  Probe  
  103  6:47  Probe  
  107  6:50  Gateway  
  107  6:54  Probe  
  108  7:05  Colossus (Chrono Boost)  
  108  7:06  Probe  
  109  7:08  Extended Thermal Lance  
  109  7:11  Probe  
  109  7:12  Shield Battery  
  109  7:14  Photon Cannon, Probe x2  
  118  7:19  Zealot x5  
  118  7:20  Charge  
  118  7:22  Pylon, Probe  
  129  7:24  Psionic Storm  
  129  7:26  Probe  
  129  7:28  Shield Battery  
  130  7:32  Zealot  
  132  7:41  Probe x2  
  132  7:43  Photon Cannon  
  134  7:44  Photon Cannon  
  134  7:45  Probe  
  134  7:46  Photon Cannon, Probe  
  134  7:49  Photon Cannon  
  136  7:53  Probe  
  136  7:54  Assimilator, Stalker  
  136  7:57  Pylon  
  136  7:58  Protoss Ground Weapons Level 2 (Chrono Boost), Shield Battery  
  139  8:00  Pylon  
  139  8:01  Pylon  
  139  8:07  Pylon  
  139  8:13  Pylon  
  139  8:17  Zealot x2  
  139  8:18  Zealot x3  
  144  8:22  Colossus (Chrono Boost)  
  144  8:24  Zealot x2  
  152  8:30  Stargate  
  152  8:32  Fleet Beacon  
  152  8:34  Probe x2  
  147  8:35  Probe  
  147  8:36  Assimilator  
  147  8:37  Stargate  
  147  8:39  High Templar x2  
  153  8:42  Protoss Air Weapons Level 1 (Chrono Boost)  
  153  8:48  Zealot x5  
  153  8:54  Probe  
  142  9:08  Colossus  
  144  9:11  Stalker x6  
  144  9:16  Stalker  
  158  9:19  Gateway  
  158  9:23  Tempest (Chrono Boost)  
  159  9:30  Tempest (Chrono Boost)  
  158  9:35  Zealot  
  158  9:36  Zealot x5  
  170  9:40  Probe  
  167  9:50  Probe  
  167  9:51  Probe  
  167  9:52  Tempest (Chrono Boost), High Templar  
  167  9:54  Archon  
  167  9:56  Pylon  
  167  9:57  Probe  
  167  9:58  Pylon  
  167  9:59  Photon Cannon  
  173  10:02  Photon Cannon  
  173  10:04  Photon Cannon  
  173  10:09  Carrier (Chrono Boost)  
  173  10:11  Protoss Ground Weapons Level 3, Probe  
  173  10:14  Pylon, Carrier (Chrono Boost)  
  180  10:18  Photon Cannon  
  180  10:19  Probe  
  187  10:27  Zealot x3  
  187  10:28  Zealot  
  173  10:44  Observer  
  173  10:49  Zealot x8  
  169  10:50  Immortal  
  169  10:51  Carrier (Chrono Boost)  
  179  11:10  Nexus  
  179  11:14  High Templar x6  
  179  11:16  Zealot x2  
  195  11:22  Photon Cannon x2  
  195  11:23  Pylon  
  195  11:25  Pylon, Shield Battery  
  195  11:26  Observer  
  196  11:36  Photon Cannon  
  196  11:37  Photon Cannon  
  196  11:43  Photon Cannon  
  196  11:44  Photon Cannon  
  190  11:59  Shield Battery  
  190  12:01  Photon Cannon  
  190  12:02  Photon Cannon  
  190  12:04  Photon Cannon  
  190  12:05  Carrier  
  190  12:07  Photon Cannon x2  
  190  12:08  Observer (Chrono Boost)  
  196  12:11  Assimilator  
  197  12:16  Assimilator  
  197  12:17  Protoss Air Weapons Level 2 (Chrono Boost)  
  197  12:20  Photon Cannon  
  197  12:21  Photon Cannon  
  197  12:24  Photon Cannon  
  190  12:40  Carrier (Chrono Boost)  
  196  13:00  Photon Cannon  
  196  13:13  Nexus  
  196  13:16  Pylon  
  196  13:24  Carrier (Chrono Boost), Observer  
  197  13:27  Protoss Shields Level 1 (Chrono Boost)  
  198  13:34  Pylon  
  198  13:37  Shield Battery  
  198  13:39  Photon Cannon x2  
  198  13:42  Photon Cannon  
  198  13:43  Photon Cannon x2  
  198  13:45  Photon Cannon  
  198  13:56  Nexus  
  196  14:05  Observer  
  196  14:10  Oracle  
  196  14:14  Observer  
  198  14:27  Nexus  
  197  14:33  Photon Cannon  
  197  14:35  Assimilator  
  197  14:40  Shield Battery  
  197  14:41  Photon Cannon  
  197  14:42  Pylon  
  197  14:44  Assimilator  
  195  14:50  Carrier x2  
  195  14:54  Pylon  
  195  14:55  Zealot  
  195  14:56  Zealot  
  195  14:58  Observer  
  192  15:10  Zealot x3  
  192  15:11  Zealot x2  
  192  15:13  Dark Shrine  
  200  15:18  Observer  
  200  15:24  Shield Battery  
  200  15:27  Photon Cannon  
  200  15:28  Photon Cannon  
  200  15:29  Photon Cannon x2  
  200  15:30  Gateway  
  200  15:32  Photon Cannon  
  200  15:33  Zealot x2  
  200  15:34  Zealot  
  200  15:37  Gateway  
  200  15:38  Gateway  
  200  15:39  Gateway  
  200  15:42  Gateway  
  198  15:43  Gateway  
  186  15:50  Protoss Shields Level 2 (Chrono Boost)  
  186  15:51  High Templar x3  
  186  15:52  Carrier  
  198  15:57  Assimilator  
  198  15:59  Assimilator  
  198  16:11  Pylon  
  198  16:13  Protoss Air Weapons Level 3 (Chrono Boost)  
  197  16:27  Pylon  
  197  16:28  Zealot x2  
  197  16:32  Robotics Facility  
  199  16:35  Robotics Facility  
  199  16:37  Photon Cannon, Shield Battery  
  199  16:40  Photon Cannon  
  199  16:41  Shadow Stride (Chrono Boost)  
  199  16:43  Photon Cannon  
  199  17:00  Photon Cannon  
  199  17:01  Photon Cannon, Shield Battery  
  199  17:03  Photon Cannon  
  199  17:06  Zealot x3, Photon Cannon  
  197  17:32  Photon Cannon x2  
  195  18:20  Tempest  
  200  18:31  Shield Battery  
  194  18:52  Zealot x3  
  194  18:53  Zealot  
  200  18:57  Photon Cannon  
  200  18:58  Photon Cannon  
  200  19:00  Photon Cannon  
  200  19:01  Photon Cannon  
  200  19:03  Shield Battery  
  200  19:09  Stargate  
  200  19:20  Unknown  
  199  19:53  Protoss Shields Level 3 (Chrono Boost)  
  199  19:55  Photon Cannon  
  199  19:57  Photon Cannon  
  196  20:07  Protoss Air Armor Level 1 (Chrono Boost)  
  196  20:13  Immortal (Chrono Boost)  
  199  20:14  Immortal (Chrono Boost)  
  199  20:20  Shield Battery  
  199  20:33  Oracle  
  194  20:55  Immortal (Chrono Boost)  
  192  21:32  Zealot x6  
  162  21:33  Zealot x6  
  162  21:34  Immortal x2  
  162  21:36  Tempest  
  191  21:49  Tempest  
  196  21:54  High Templar x2  
  194  22:10  Observer  
  194  22:13  Immortal  
  195  22:18  Zealot  
  195  22:19  Zealot x4  
  193  22:27  Zealot x4  
  199  22:39  Protoss Ground Armor Level 1 (Chrono Boost)  
  195  22:54  Zealot x3  
  195  22:55  Zealot x3, Protoss Air Armor Level 2 (Chrono Boost)  
  170  23:20  Zealot x3, Observer  
  170  23:21  Zealot x5  
  170  23:25  Tempest x2 (Chrono Boost)  
  170  23:26  Assimilator  
  193  23:33  Zealot x4  
  195  24:04  High Templar x2  
  199  24:16  Zealot x5  
  188  24:28  High Templar  
  188  24:29  High Templar x6  
  196  24:32  Archon  
  196  24:34  Archon x2  
  196  24:45  High Templar x3  
  200  24:50  Archon  
  200  25:12  Observer x2  
  146  25:43  Stalker x4  
  146  25:44  Stalker x9  
  146  25:45  Stalker  
Tags
 
Add a new tag
Caveats
  • Supply blocks, unpowered buildings, or Contaminate may cause inaccurate times.
  • Supply counts are checked every 10 seconds.